 Dungeon Crawl Stone Soup version 0.29-a0-111-gbaf749a769 (webtiles) character file.

Game seed: 1914086920740418977

71 kae the Ruffian (level 4, -1/36 HPs)
             Began as a Draconian Transmuter on Feb 17, 2022.
             Killed by nerve-wracking pain
             ... invoked by a shadow imp
              (12 damage)
             ... on level 3 of the Dungeon.
             The game lasted 00:01:28 (2214 turns).

kae the Ruffian (Draconian Transmuter)              Turns: 2214, Time: 00:01:28

Health: -1/36      AC:  5    Str: 12    XL:     4   Next: 5%
Magic:  7/7        EV: 12    Int: 16    God:
Gold:   121        SH:  0    Dex: 11    Spells: 6/7 levels left

rFire   . . .      SeeInvis .     - Unarmed
rCold   . . .      Faith    .   (no shield)
rNeg    . . .      Spirit   .   (armour unavailable)
rPois   .          Reflect  .   (helmet currently unavailable)
rElec   .          Harm     .   (no cloak)
rCorr   .          Rampage  .   (no gloves)
Will    .....                   (boots currently unavailable)
Stlth   +.........              (no amulet)
HPRegen 0.12/turn               (no ring)
MPRegen 0.10/turn               (no ring)

@: appendages (expiring)
A: horns 2, talons 2, AC +5, unfitting armour, cold-blooded
a: End Transformation


You were on level 3 of the Dungeon.
You had temporarily grown beastly horns and talons.
You visited 1 branch of the dungeon, and saw 3 of its levels.

You collected 121 gold pieces.

Inventory:

Scrolls
 a - a scroll of teleportation {unknown}
Potions
 b - a potion of flight {unknown}
 c - a potion of degeneration
 e - a potion of heal wounds {unknown}


   Skills:
 + Level 1.6 Fighting
 + Level 2.1 Dodging
 * Level 3.6 Unarmed Combat
 + Level 2.3 Spellcasting
 * Level 3.0 Transmutations


You had 6 spell levels left.
You knew the following spells:

 Your Spells              Type           Power      Damage    Failure   Level
a - Beastly Appendage     Tmut           22%        N/A       6%          1

Your spell library contained the following spells:

 Spells                   Type           Power      Damage    Failure   Level
 Wereblood                Tmut           11%        N/A       9%          2
 Animate Skeleton         Necr           2%         N/A       21%         1
 Apportation              Tloc           2%         N/A       21%         1
 Summon Small Mammal      Summ           4%         N/A       21%         1
 Spider Form              Tmut/Pois      6%         N/A       32%         3
 Summon Guardian Golem    Hex/Summ       1%         N/A       52%         3
 Ice Form                 Ice/Tmut       6%         N/A       71%         4
 Orb of Destruction       Conj           0%         9d5       100%        7
 Spellforged Servitor     Conj/Summ      0%         N/A       100%        7


Dungeon Overview and Level Annotations

Branches:
Dungeon (3/15)

Altars:


Innate Abilities, Weirdness & Mutations

You have temporarily grown beastly horns and talons.
Your plain brown scales are hard. (AC +5)
You cannot fit into any form of body armour.
You are cold-blooded and may be slowed by cold attacks.


Message History

You kill the hobgoblin!
Your Transmutations skill increases to level 3!
You punch the hobgoblin!
You kill the hobgoblin!
You hit the orc. You claw the orc, but do no damage. You punch the orc.
You kill the orc!
You barely miss the orc. You claw the orc. Your headbutt misses the orc.
You tail-slap the orc, but do no damage.
The orc is heavily wounded.
The orc closely misses you.
You closely miss the orc. You claw the orc.
The orc is severely wounded.
Your transformation is almost over.
The orc hits you with a +0 mace.
You hit the orc. Your headbutt misses the orc.
Your tail-slap misses the orc.
The orc is almost dead.
The orc hits you with a +0 mace.
You hit the orc but do no damage. You headbutt the orc.
You kill the orc!
You have reached level 4!
You feel clever.
You punch the orc!
You kill the orc!
The bat closely misses you.
Items here: ))) [[ †.
The bat closely misses you. The shadow imp hits you.
You hit the shadow imp but do no damage.
You headbutt the shadow imp, but do no damage.
The bat hits you.
The shadow imp hits you but does no damage.
You closely miss the shadow imp. Your headbutt misses the shadow imp.
The bat hits you but does no damage. The bat closely misses you.
The shadow imp hits you but does no damage.
You hit the shadow imp. Your kick misses the shadow imp.
Your tail-slap misses the shadow imp.
The shadow imp is moderately wounded.
The bat hits you. The shadow imp gestures at you.
Pain shoots through your body!
You die...

#...#...# . ......##.#
./# ......#.# ..
#.....# .. #....###.
#.)...#. #....#.# #.#
##..##.## # #.##
#.@#...# ..# ...#
#.5)###....# #..#
#.b#...# ..# ## #..#
#..##$##.... ##.##..#
##..###..# ##.#.#..#
#####......##
#.#>....###...........#
#...##.....######.##.#
##.######### .#


You could see a shadow imp and a bat.

Vanquished Creatures
  2 adders (D:2)
  3 orcs (D:3)
  7 endoplasms
  A giant cockroach (D:2)
  4 goblins
  6 hobgoblins
  6 kobolds
  3 quokkas
  A ball python (D:2)
  7 bats
  3 frilled lizards (D:1)
  2 rats (D:1)
45 creatures vanquished.

Notes
Turn   | Place    | Note
-------+----------+-------------------------------------------
     0 | D:1      | kae the Draconian Transmuter began the quest for the Orb.
     0 | D:1      | Reached XP level 1. HP: 16/16 MP: 3/3
   543 | D:1      | Reached XP level 2. HP: 23/23 MP: 5/5
   709 | D:1      | Found a faded altar of an unknown god.
  1176 | D:2      | Reached XP level 3. HP: 21/28 MP: 6/6
  2209 | D:3      | Reached XP level 4. HP: 13/35 MP: 7/7
  2214 | D:3      | Killed from afar by a shadow imp

Illustrated notes

Levels and vault maps discovered:
D:1:      roderic_crossed_star, layout_loops_ring,
          ebering_ecumenical_altar_abandoned, minmay_misc_feat_secret_circle
D:2:      layout_basic
D:3:      minmay_angry_zag, layout_loops_ring,
          chequers_temple_overflow_statue_of_worship, serial_shops, shop,
          dk_noncrumbling_2, minmay_ruptured

Skill      XL: |  1  2  3 |
---------------+----------+-----
Dodging        | 2 |  2.1
Transmutations | 3 |  3.0
Fighting       | |  1.6
Unarmed Combat | |  3.6
Spellcasting   | |  2.3

Action                   |  1- 3 |  4- 6 || total
-------------------------+-------+-------++-------
Melee: Unarmed           |   127 |     4 ||   131
       Headbutt          |     7 |     1 ||     8
       Kick              |    15 |       ||    15
       Tailslap          |    10 |       ||    10
       Punch             |     1 |       ||     1
 Cast: Beastly Appendage |    22 |       ||    22
  Use: Scroll            |     7 |       ||     7
Armor: Skin              |    52 |     3 ||    55
Dodge: Dodged            |   110 |     3 ||   113

Table legend: (Time is in decaauts)
 A = Elapsed time spent in this place.
 B = Non-inter-level travel time spent in this place.
 C = Inter-level travel time spent in this place.
 D = Time resting spent in this place.
 E = Time spent auto-exploring this place.
 F = Levels seen in this place.
 G = Mean time per level.
                   A        B        C        D        E       F      G
               +--------+--------+--------+--------+--------+-----+--------+
         Total |   2207 |   2167 |     40 |      0 |   1830 |   3 |  735.7 |
       Dungeon |   2207 |   2167 |     40 |      0 |   1830 |   3 |  735.7 |
               +--------+--------+--------+--------+--------+-----+--------+

Top non-repeatable levels by time:
     D:1: 1149 daAuts
     D:2: 937 daAuts
     D:3: 120 daAuts
